 Dungeon Sprint DCSS version 0.17-a0-1210-g1e4f09d (webtiles) character file.

2495 Kidiri the Destroyer (level 9, -3/72 HPs)
             Began as a Green Draconian Conjurer on June 4, 2015.
             Was a Believer of Vehumet.
             Slain by an unseen horror (7 damage)
             ... in the Dungeon (Sprint III: "The Ten Rune Challenge").
             The game lasted 00:21:05 (2737 turns).

Kidiri the Destroyer (Green Draconian Conjurer)     Turns: 2737, Time: 00:21:05

Health: -3/72      AC:  7    Str: 12    XL:     9   Next: 28%
Magic:  12/22      EV: 15    Int: 18    God:    Vehumet [**....]
Gold:   31         SH:  0    Dex: 13    Spells: 9 memorised, 0 levels left

rFire  . . .     SeeInvis .     f - +1 long sword (holy)
rCold  . . .     Clarity  +     (armour unavailable)
rNeg   . . .     SustAt   .     (no shield)
rPois  +         Gourm    .     (helmet restricted)
rElec  .         Spirit   .     (no cloak)
rCorr  .         Warding  .     (no gloves)
rMut   .         NoTele   +     (no boots)
MR     .....                    (no amulet)
Stlth  +++.......               (no ring)
                                (no ring)

@: not resistant to hostile enchantments, fairly stealthy
A: breathe noxious fumes, unfitting armour, hooves 1, horns 1, camouflage 1,
berserk 1, clarity, frail 1, poison resistance, screaming 1, strong 1,
cold-blooded, subdued magic 1, AC +7
a: Breathe Noxious Fumes, Renounce Religion


You were in the Dungeon.
You worshipped Vehumet.
Vehumet was pleased with you.
You were hungry.

You visited 1 branch You collected 31 gold pieces.

Inventory:

Hand weapons
 f - a +1 long sword of holy wrath (weapon)
 j - a +0 dagger
Scrolls
 d - 3 scrolls of torment
 h - a scroll of blinking
 k - a scroll of recharging
 l - 2 scrolls of remove curse
 o - a scroll of immolation
Potions
 c - a potion of curing
 e - a potion of cure mutation {unknown}
 g - a potion of berserk rage
 n - a potion of flight
Books
 a - a book of Conjurations

   Spells                             Type                      Level
   a - Magic Dart                     Conjuration                  1
   b - Searing Ray                    Conjuration                  2
   c - Dazzling Spray                 Conjuration/Hexes            3
   d - Fulminant Prism                Conjuration/Hexes            4
   e - Iskenderun's Mystic Blast      Conjuration                  4
   f - Iskenderun's Battlesphere      Conjuration/Charms           5
 q - a book of the Dragon

   Spells                             Type                      Level
   a - Flame Tongue                   Conjuration/Fire             1
   b - Cause Fear                     Hexes                        4
   c - Bolt of Fire                   Conjuration/Fire             6
   d - Dragon Form                    Transmutation                7
   e - Dragon's Call                  Summoning                    9
Comestibles
 p - 2 royal jellies


   Skills:
 + Level 7.7 Fighting
 + Level 6.8 Dodging
 - Level 1.7 Stealth
 * Level 9.6 Spellcasting
 * Level 10.9 Conjurations
 * Level 7.7 Hexes
 * Level 5.7 Charms
 * Level 6.2 Fire Magic


You couldn't memorise any spells.
You knew the following spells:

 Your Spells              Type           Power        Failure   Level  Hunger
a - Magic Dart            Conj           ####         0%          1    None
b - Searing Ray           Conj           ####..       1%          2    None
c - Dazzling Spray        Conj/Hex       ####....     1%          3    None
d - Iskenderun's Mystic   Conj           ####....     1%          4    ###....
e - Fulminant Prism       Conj/Hex       ####......   1%          4    ###....
f - Iskenderun's Battles  Conj/Chrm      ####....     4%          5    #####..
g - Flame Tongue          Conj/Fire      ####.        1%          1    None
h - Cause Fear            Hex            ###.......   1%          4    ###....
i - Conjure Flame         Conj/Fire      ####....     1%          3    None


Dungeon Overview and Level Annotations

Branches:
Dungeon (1/1)

Altars:
Cheibriados
Dithmenos
Elyvilon
Fedhas
Gozag
Kikubaaqudgha
Makhleb
Nemelex Xobeh
Okawaru
Qazlal
Ru
Sif Muna
Trog
Vehumet
Xom
Yredelemnul
Zin
The Shining One
Jiyva
Lugonu


Innate Abilities, Weirdness & Mutations

You can breathe blasts of noxious fumes.
Your lurid green scales are hard (AC +7).
Your body does not fit into most forms of armour.
Your system is resistant to poisons.
You are cold-blooded and may be slowed by cold attacks.
You have large cloven feet.
You have a pair of small horns on your head.
Your skin changes colour to match your surroundings (Stealth).
You tend to lose your temper in combat.
You possess an exceptional clarity of mind.
You are frail (-10% HP).
You occasionally shout uncontrollably at your foes.
Your muscles are strong. (Str +2)
Your spells are a little easier to cast, but a little less powerful.


Message History

Something hits you.
The centaur shoots an arrow.
The arrow hits you!
* * * LOW HITPOINT WARNING * * *
The centaur shoots an arrow.
The arrow completely misses you.
You see here 2 arrows.
Drink which item? (? for menu, Esc to quit)
You feel better. Something hits you but does no damage.
The centaur shoots an arrow.
The arrow hits you!
* * * LOW HITPOINT WARNING * * *
Something hits you.
* * * LOW HITPOINT WARNING * * *
You miss something. Your kick misses something. Something hits you.
* * * LOW HITPOINT WARNING * * *
Something hits you.
* * * LOW HITPOINT WARNING * * *
Something barely misses you.
You barely miss something. You headbutt something.
Something hits you but does no damage. Something hits you.
* * * LOW HITPOINT WARNING * * *
Something hits you!
You die...

+#+###+## ........#
.....:..# .######'#
.#__#...#+###############
.#__#...#..≈≈§§§#(§c).'.#
##__#...#.#§§≈#.#(#)..##.
.#__#...'.#§§§#.#.# ..#
_#_.+...#.#§§.#.@.# .#
▓▓▓▓▓▓▓▓▓▓▓▓▓▓▓▓▓▓▓ #


There were no monsters in sight!

Vanquished Creatures
  Erica (D)
  A centaur warrior (D)
  A deep elf priest (D)
  A shadow (D)
  A spatial vortex (D)
  A necrophage (D)
  A centaur (D)
  An earth elemental (D)
  A water elemental (D)
  A jelly (D)
  Jessica (D)
  A wizard (D)
  A necromancer (D)
  3 humans (D)
  A kobold demonologist (D)
  A wolf (D)
  2 oozes (D)
  A rat (D)
21 creatures vanquished.

Vanquished Creatures (others)
  2 draconian scorchers (D)
  2 yaktaurs (D)
  11 fulminant prisms (D)
15 creatures vanquished.

Grand Total: 36 creatures vanquished

Notes
Turn   | Place    | Note
--------------------------------------------------------------
     0 | D        | Kidiri the Draconian Conjurer began the quest for the Orb.
     0 | D        | Reached XP level 1. HP: 14/14 MP: 3/3
    20 | D        | Reached skill level 1 in Fighting
   153 | D        | Killed a yaktaur
   197 | D        | Reached XP level 2. HP: 2/23 MP: 0/5
   201 | D        | Learned a level 2 spell: Searing Ray
   505 | D        | Noticed Jessica
   533 | D        | Killed Jessica
   533 | D        | Reached skill level 5 in Conjurations
   533 | D        | Reached XP level 3. HP: 18/30 MP: 0/8
   607 | D        | Learned a level 3 spell: Dazzling Spray
   637 | D        | Killed a white draconian scorcher
   655 | D        | Noticed a wolf
   657 | D        | Killed a wolf
   740 | D        | Reached skill level 6 in Conjurations
   740 | D        | Reached XP level 4. HP: 15/38 MP: 0/10
   760 | D        | Killed a white draconian scorcher
   953 | D        | Gained mutation: Your skin changes colour to match your surroundings (Stealth). [potion of mutation]
   953 | D        | Gained mutation: You possess an exceptional clarity of mind. [potion of mutation]
   953 | D        | Gained mutation: Your spells are a little easier to cast, but a little less powerful. [potion of mutation]
   954 | D        | Gained mutation: You are frail (-10% HP). [potion of mutation]
   954 | D        | Gained mutation: You tend to lose your temper in combat. [potion of mutation]
   954 | D        | Gained mutation: You have a pair of small horns on your head. [potion of mutation]
   955 | D        | Gained mutation: You have large cloven feet. [potion of mutation]
   955 | D        | Gained mutation: Your muscles are strong. (Str +2) [potion of mutation]
   955 | D        | Gained mutation: You occasionally shout uncontrollably at your foes. [potion of mutation]
   962 | D        | Noticed a water elemental
   985 | D        | Killed a water elemental
   985 | D        | Reached skill level 5 in Spellcasting
  1174 | D        | Learned a level 4 spell: Iskenderun's Mystic Blast
  1179 | D        | Learned a level 4 spell: Fulminant Prism
  1182 | D        | Found a radiant altar of Vehumet.
  1182 | D        | Found a deep blue altar of Sif Muna.
  1182 | D        | Found an ancient bone altar of Kikubaaqudgha.
  1182 | D        | Noticed a wizard
  1185 | D        | Reached skill level 7 in Conjurations
  1185 | D        | Reached skill level 1 in Hexes
  1185 | D        | Reached XP level 5. HP: 38/41 MP: 7/13
  1188 | D        | Killed a wizard
  1198 | D        | Became a worshipper of Vehumet
  1277 | D        | Found an iron altar of Okawaru.
  1277 | D        | Found a bloodstained altar of Trog.
  1277 | D        | Noticed a human
  1281 | D        | Noticed a human
  1306 | D        | Killed a human
  1306 | D        | Reached skill level 5 in Fighting
  1306 | D        | Reached skill level 8 in Conjurations
  1306 | D        | Reached XP level 6. HP: 16/50 MP: 10/15
  1417 | D        | Killed a human
  1417 | D        | Reached skill level 5 in Dodging
  1428 | D        | Learned a level 5 spell: Iskenderun's Battlesphere
  1606 | D        | Learned a level 1 spell: Flame Tongue
  1634 | D        | Found a glowing silver altar of Zin.
  1634 | D        | Found a glowing golden altar of the Shining One.
  1634 | D        | Found a white marble altar of Elyvilon.
  1640 | D        | Noticed a deep elf priest
  1641 | D        | Killed a deep elf priest
  1641 | D        | Acquired Vehumet's first power
  1641 | D        | Offered knowledge of Shock by Vehumet.
  1641 | D        | Reached skill level 9 in Conjurations
  1641 | D        | Reached skill level 5 in Hexes
  1641 | D        | Your scales start taking on a lurid green colour.
  1641 | D        | Gained mutation: Your system is resistant to poisons. [Green Draconian growth]
  1641 | D        | Reached XP level 7. HP: 42/56 MP: 7/18
  1712 | D        | Killed a yaktaur
  1753 | D        | Found a basalt altar of Yredelemnul.
  1753 | D        | Found a snail-covered altar of Cheibriados.
  1753 | D        | Found a blossoming altar of Fedhas.
  1753 | D        | Noticed a necrophage
  1753 | D        | Noticed a necromancer
  1757 | D        | Killed a necromancer
  1758 | D        | Killed a necrophage
  1777 | D        | Noticed a jelly
  1778 | D        | Noticed a shadow
  1781 | D        | Killed a jelly
  1790 | D        | Killed a shadow
  1801 | D        | Found a stormy altar of Qazlal.
  1801 | D        | Found a sacrificial altar of Ru.
  1801 | D        | Found a burning altar of Makhleb.
  1801 | D        | Found a shimmering altar of Xom.
  1801 | D        | Noticed a spatial vortex
  1802 | D        | Found a viscous altar of Jiyva.
  1802 | D        | Found a shadowy altar of Dithmenos.
  1802 | D        | Found a sparkling altar of Nemelex Xobeh.
  1802 | D        | Found a corrupted altar of Lugonu.
  1802 | D        | Found an opulent altar of Gozag.
  2069 | D        | Killed a spatial vortex
  2069 | D        | Reached XP level 8. HP: 63/63 MP: 8/20
  2161 | D        | Learned a level 4 spell: Cause Fear
  2197 | D        | Noticed Erica
  2205 | D        | Killed Erica
  2205 | D        | Offered knowledge of Sandblast by Vehumet.
  2205 | D        | Reached skill level 10 in Conjurations
  2205 | D        | Reached skill level 5 in Fire Magic
  2294 | D        | Noticed an earth elemental
  2551 | D        | Killed an earth elemental
  2714 | D        | Noticed a centaur warrior
  2714 | D        | Noticed a centaur
  2717 | D        | Killed a centaur
  2720 | D        | Killed a centaur warrior
  2720 | D        | Offered knowledge of Conjure Flame by Vehumet.
  2720 | D        | Reached skill level 5 in Charms
  2720 | D        | Reached XP level 9. HP: 38/72 MP: 11/22
  2723 | D        | Noticed a centaur
  2725 | D        | Learned a level 3 spell: Conjure Flame
  2737 | D        | Slain by an unseen horror

Vault maps used:
D:        dungeon_sprint_mu

Action                   |  1- 3 |  4- 6 |  7- 9 || total
-------------------------+-------+-------+-------++-------
Melee: Unarmed           |    13 |       |       ||    13
       Dagger            |    11 |    11 |       ||    22
       Long sword        |       |       |    11 ||    11
 Cast: Magic Dart        |    22 |    16 |    20 ||    58
       Searing Ray       |     4 |     2 |     2 ||     8
       Dazzling Spray    |     1 |       |     2 ||     3
       Fulminant Prism   |       |     5 |     6 ||    11
       Iskenderun's Batt |       |     1 |     7 ||     8
       Flame Tongue      |       |       |     5 ||     5
       Iskenderun's Myst |       |       |     2 ||     2
       Conjure Flame     |       |       |     1 ||     1
  Use: Potion            |     2 |     7 |     1 ||    10
       Scroll            |       |       |     4 ||     4
 Stab: Invisible         |       |     1 |     1 ||     2
  Eat: Bread ration      |       |     1 |     1 ||     2
       Chunk             |       |       |     1 ||     1
